Map: Abyssal Reef LE

Players

LewisKiniski

  • Race: Protoss Protoss
  • League: Master
  • Spawn Location: 5:00

A.I. 1 (Very Easy) - Winner!

  • Race: Terran Terran
  • Spawn Location: 11:00

VOD

Have the link to the VOD?

Description

Time

  • Played on: Dec. 29, 2024, 5:12 p.m.
  • Length: 9:46
Show
View Real Time Build Order
Export as new Build Order

LewisKiniski Protoss 

Build Orders: 1 Gate Expand, Double Forge, Phoenix Opening, Blink Stalkers, Colossus Rush 

Get SALT Encoding   

  12  0:00  Probe  
  13  0:12  Probe  
  14  0:17  Pylon  
  14  0:23  Probe  
  15  0:31  Probe  
  16  0:36  Gateway  
  16  0:39  Probe  
  16  0:46  Assimilator  
  17  0:51  Probe  
  18  1:03  Probe  
  19  1:21  Nexus  
  19  1:29  Cybernetics Core  
  19  1:34  Probe  
  19  1:38  Assimilator  
  20  1:46  Probe  
  21  1:50  Pylon  
  21  1:56  Stalker  
  21  1:58  Probe  
  22  2:07  Warp Gate  
  24  2:10  Probe  
  26  2:22  Probe  
  26  2:25  Sentry  
  28  2:30  Probe  
  28  2:34  Probe  
  30  2:38  Probe  
  30  2:41  Twilight Council  
  31  2:47  Probe x2  
  33  2:59  Gateway, Probe  
  33  3:00  Probe  
  33  3:02  Gateway  
  33  3:03  Phoenix  
  35  3:07  Stalker  
  35  3:10  Blink  
  35  3:11  Probe  
  35  3:12  Probe  
  39  3:23  Pylon  
  39  3:24  Probe  
  39  3:26  Probe  
  41  3:36  Probe  
  41  3:38  Probe  
  41  3:41  Robotics Facility  
  43  3:48  Probe  
  43  3:50  Probe  
  45  3:55  Nexus  
  45  4:01  Stalker  
  47  4:03  Stalker  
  47  4:08  Stalker  
  51  4:13  Pylon  
  51  4:14  Assimilator  
  51  4:16  Assimilator  
  51  4:17  Probe  
  51  4:19  Probe  
  51  4:23  Observer  
  53  4:27  Probe, Pylon  
  54  4:31  Probe  
  54  4:38  Probe  
  56  4:43  Probe  
  56  4:44  Robotics Bay  
  58  4:50  Probe  
  59  4:53  Forge  
  59  4:54  Forge  
  59  4:55  Probe  
  59  4:56  Protoss Ground Weapons Level 1  
  60  5:02  Protoss Ground Armor Level 1, Probe  
  60  5:03  Charge  
  60  5:06  Stalker x2  
  65  5:07  Probe, Zealot  
  65  5:10  Probe  
  69  5:14  Probe  
  69  5:20  Probe  
  71  5:22  Probe, Pylon  
  71  5:26  Probe  
  73  5:32  Probe  
  73  5:34  Probe  
  75  5:38  Probe  
  75  5:40  Colossus  
  81  5:44  Probe  
  81  5:46  Probe  
  83  5:51  Probe  
  83  5:55  Gateway  
  83  5:56  Gateway  
  84  5:57  Gateway  
  84  6:01  Probe x2  
  84  6:03  Extended Thermal Lance, Probe  
  87  6:13  Probe x2  
  87  6:15  Probe  
  87  6:16  Pylon  
  90  6:23  Pylon  
  90  6:24  Gateway  
  90  6:25  Gateway, Probe x2  
  92  6:28  Pylon  
  92  6:29  Probe  
  92  6:31  Protoss Ground Weapons Level 2  
  93  6:34  Colossus  
  93  6:37  Probe x2  
  101  6:41  Probe  
  101  6:44  Nexus  
  101  6:46  Pylon, Protoss Ground Armor Level 2  
  102  6:50  Assimilator  
  102  6:52  Assimilator  
  102  6:54  Templar Archives  
  102  6:57  Stalker x3  
  108  7:04  Probe x3  
  111  7:16  Probe x3  
  111  7:18  Pylon  
  111  7:20  Pylon  
  111  7:21  Pylon  
  114  7:27  Colossus  
  114  7:28  Probe x2  
  114  7:29  Probe  
  123  7:30  Pylon  
  123  7:40  Probe  
  123  7:41  Probe x2  
  126  7:44  Zealot x7  
  126  7:46  Zealot  
  142  7:54  Gateway  
  142  7:58  Gateway  
  142  8:00  Psionic Storm  
  142  8:01  Gateway  
  142  8:03  Gateway  
  142  8:06  Assimilator  
  142  8:10  Assimilator  
  142  8:12  Gravitic Drive  
  142  8:18  Nexus  
  142  8:20  Pylon  
  142  8:21  Warp Prism  
  144  8:34  Zealot  
  144  8:35  Zealot x7  
  160  8:50  Dark Shrine  
  160  8:53  High Templar x2  
  160  8:54  High Templar  
  160  8:55  High Templar x3  
  170  8:57  Zealot x3  
  170  8:58  Zealot  
  180  9:06  Pylon  
  180  9:09  Pylon  
  180  9:10  Assimilator  
  180  9:12  Assimilator, Pylon  
  180  9:25  Zealot x4  
  180  9:28  Zealot x4  
  196  9:41  Photon Cannon  
Show
View Real Time Build Order
Export as new Build Order

A.I. 1 (Very Easy) Terran - Winner!

Build Orders: Reaper Expand 

Get SALT Encoding   

  12  0:00  SCV  
  13  0:13  SCV  
  14  0:18  Supply Depot  
  14  0:41  Barracks  
  14  1:05  Command Center  
  14  1:28  Orbital Command  
  14  1:29  Marine  
  15  1:34  Supply Depot  
  15  1:38  Refinery  
  15  1:52  Refinery  
  15  1:54  SCV  
  16  2:06  SCV  
  17  2:18  SCV  
  17  2:19  Reaper  
  17  2:20  SCV  
  20  2:30  SCV  
  20  2:34  SCV  
  22  2:42  SCV  
  23  2:47  Refinery  
  23  2:48  SCV  
  24  2:55  SCV  
  25  3:03  SCV  
  25  3:04  Marine  
  27  3:10  SCV  
  28  3:16  Factory  
  28  3:17  SCV  
  29  3:41  Refinery, SCV  
  30  3:48  SCV  
  31  3:49  Marine  
  31  3:55  Supply Depot, SCV  
  33  4:02  SCV  
  34  4:04  Starport  
  34  4:09  SCV  
  35  4:17  SCV  
  36  4:24  SCV  
  37  4:31  SCV  
  38  4:34  Marine  
  38  4:35  Supply Depot  
  38  4:38  SCV  
  40  4:42  Starport Tech Lab  
  40  4:45  SCV  
  41  4:52  SCV  
  42  4:59  SCV  
  43  5:01  Raven  
  43  5:07  SCV  
  46  5:14  SCV  
  47  5:19  Marine  
  48  5:33  SCV  
  48  5:36  Raven  
  50  6:04  Reaper  
  51  6:37  Barracks Tech Lab  
  51  6:38  SCV  
  51  6:56  Marauder  
  53  8:30  SCV  
Tags
 
Add a new tag
Caveats
  • Supply blocks, unpowered buildings, or Contaminate may cause inaccurate times.
  • Supply counts are checked every 10 seconds.